| TOP OF THE 1ST |
|
New Jersey Devils batting - Pitching for Windy City ThunderBolts : RHP Dusty Haberstroh
|
|
Pitching: RHP Dusty Haberstroh
|
|
|
Batting: LHB Randolph Brodbeck
|
0-0: Called Strike 0-1: Ball 1-1: Foul Ball, location: 2F 1-2: Strikes out swinging
|
|
Batting: RHB Eric Zylstra
|
0-0: Called Strike 0-1: Foul Ball, location: 2F 0-2: Ball 1-2: Foul Ball, location: 2F 1-2: Ball 2-2: Foul Ball, location: 2F 2-2: Ball 3-2: Foul Ball, location: 2F 3-2: Fly out, F4 (Popup, 34, EV 80.0 MPH)
|
|
Batting: RHB Warren Carmichael
|
0-0: SOLO HOME RUN (Flyball, 7D, EV 97.5 MPH), Distance : 373 ft
|
|
Batting: RHB Jacob Olander
|
0-0: Fly out, F3 (Popup, 3S, EV 77.5 MPH)
|
| Top of the 1st over - 1 run, 1 hit, 0 errors, 0 left on base; New Jersey 1 - Windy City 0 |
| BOTTOM OF THE 1ST |
|
Windy City ThunderBolts batting - Pitching for New Jersey Devils : RHP Aaron Marcum
|
|
Pitching: RHP Aaron Marcum
|
|
|
Batting: RHB Joe Thomas
|
0-0: Ball 1-0: Ball 2-0: Ball 3-0: Base on Balls
|
|
Batting: SHB Danny Gallegos
|
0-0: Ball Joe Thomas steals 2nd base 1-0: Foul Ball, location: 2F 1-1: Ground out U3 (Groundball, 3, EV 87.5 MPH) Joe Thomas to third
|
|
Batting: RHB Ricky Avila
|
0-0: Ball 1-0: Called Strike 1-1: Ball 2-1: Called Strike 2-2: Ball 3-2: Base on Balls
|
|
Batting: RHB Paul Holland
|
0-0: Ball 1-0: Swinging Strike 1-1: Called Strike Pickoff Throw by Catcher to First - Out! 1-2: Ball 2-2: Foul Ball, location: 2F 2-2: Strikes out swinging
|
| Bottom of the 1st over - 0 runs, 0 hits, 0 errors, 1 left on base; New Jersey 1 - Windy City 0 |
| TOP OF THE 2ND |
|
New Jersey Devils batting - Pitching for Windy City ThunderBolts : RHP Dusty Haberstroh
|
|
Batting: RHB Kyle Verkamp
|
0-0: Ball 1-0: Ball 2-0: Ball 3-0: Base on Balls
|
|
Batting: SHB Ernesto Mazas
|
0-0: Foul Ball, location: 2F 0-1: Fly out, F8 (Flyball, 78D, EV 101.9 MPH)
|
|
Batting: RHB Oscar Ramirez
|
0-0: Called Strike 0-1: Foul Ball, location: 2F 0-2: Ball 1-2: Ball 2-2: Grounds into double play, 5-4-3 (Groundball, 56, EV 90.0 MPH)
|
| Top of the 2nd over - 0 runs, 0 hits, 0 errors, 0 left on base; New Jersey 1 - Windy City 0 |
| BOTTOM OF THE 2ND |
|
Windy City ThunderBolts batting - Pitching for New Jersey Devils : RHP Aaron Marcum
|
|
Batting: RHB Nhat Phong
|
0-0: Ball 1-0: Foul Ball, location: 2F 1-1: Ball 2-1: Swinging Strike 2-2: Strikes out swinging
|
|
Batting: RHB Miguel Pacheco
|
0-0: Called Strike 0-1: Foul Ball, location: 2F 0-2: Strikes out looking
|
|
Batting: RHB Dave Dominguez
|
0-0: Called Strike 0-1: Ball 1-1: Ball 2-1: Ball 3-1: Called Strike 3-2: SINGLE (Line Drive, 56, EV 94.4 MPH)
|
|
Batting: RHB Klaus Brown
|
0-0: Ground out 5-3 (Groundball, 56S, EV 89.4 MPH)
|
| Bottom of the 2nd over - 0 runs, 1 hit, 0 errors, 1 left on base; New Jersey 1 - Windy City 0 |
| TOP OF THE 3RD |
|
New Jersey Devils batting - Pitching for Windy City ThunderBolts : RHP Dusty Haberstroh
|
|
Batting: LHB Matt Reynolds
|
0-0: Ball 1-0: Ball 2-0: Ball 3-0: Base on Balls
|
|
Batting: RHB Brian Jones
|
0-0: Foul Ball, location: 2F 0-1: SINGLE (Line Drive, 6MD, EV 94.4 MPH) Matt Reynolds to second
|
|
Batting: LHB Randolph Brodbeck
|
0-0: Ball 1-0: Hit by Pitch Matt Reynolds to third Brian Jones to second
|
|
Batting: RHB Eric Zylstra
|
0-0: Ball 1-0: Called Strike 1-1: Ball 2-1: Ball 3-1: Swinging Strike 3-2: Base on Balls Matt Reynolds scores Brian Jones to third Randolph Brodbeck to second
|
|
Batting: RHB Warren Carmichael
|
0-0: Foul Ball, location: 2F 0-1: Ball 1-1: Ball 2-1: Called Strike 2-2: Ball 3-2: Foul Ball, location: 2F 3-2: Foul Ball, location: 2F 3-2: GRAND SLAM HOME RUN (Flyball, 9D, EV 95.6 MPH), Distance : 382 ft
|
|
Batting: RHB Jacob Olander
|
0-0: Called Strike 0-1: Ball 1-1: SOLO HOME RUN (Flyball, 78XD, EV 106.9 MPH), Distance : 413 ft
|
|
Pitching: LHP Craig Courcha
|
|
|
Batting: RHB Kyle Verkamp
|
0-0: Called Strike 0-1: SINGLE (Line Drive, 56, EV 101.2 MPH)
|
|
Batting: SHB Ernesto Mazas
|
0-0: Ball 1-0: Ball 2-0: Ball 3-0: Called Strike 3-1: Base on Balls Kyle Verkamp to second
|
|
Batting: RHB Oscar Ramirez
|
0-0: Called Strike 0-1: Fly out, F8 (Flyball, 8RD, EV 102.5 MPH)
|
|
Batting: LHB Matt Reynolds
|
0-0: Ball 1-0: Fly out, F9 (Flyball, 9, EV 89.4 MPH)
|
|
Batting: RHB Brian Jones
|
0-0: Ball 1-0: Ball 2-0: Called Strike 2-1: Ball 3-1: Foul Ball, location: 2F 3-2: Foul Ball, location: 2F 3-2: Foul Ball, location: 2F 3-2: Base on Balls Kyle Verkamp to third Ernesto Mazas to second
|
|
Batting: LHB Randolph Brodbeck
|
0-0: Called Strike 0-1: Hit by Pitch Kyle Verkamp scores Ernesto Mazas to third Brian Jones to second
|
|
Batting: RHB Eric Zylstra
|
0-0: Foul Ball, location: 2F 0-1: Ground out 4-3 (Groundball, 4, EV 83.8 MPH)
|
| Top of the 3rd over - 7 runs, 4 hits, 0 errors, 3 left on base; New Jersey 8 - Windy City 0 |
| BOTTOM OF THE 3RD |
|
Windy City ThunderBolts batting - Pitching for New Jersey Devils : RHP Aaron Marcum
|
|
Batting: RHB Sim Damit
|
0-0: Ground out 4-3 (Groundball, 4, EV 103.1 MPH)
|
|
Batting: RHB Joe Thomas
|
0-0: Ball 1-0: Foul Ball, location: 2F 1-1: Foul Ball, location: 2F 1-2: Foul Ball, location: 2F 1-2: Ball 2-2: SINGLE (Line Drive, 9LS, EV 110.0 MPH)
|
|
Batting: SHB Danny Gallegos
|
0-0: Foul Ball, location: 2F 0-1: Ball 1-1: Called Strike Joe Thomas steals 2nd, throwing error, E2 Joe Thomas to third 1-2: SINGLE (Flyball, 6MD, EV 90.0 MPH) Joe Thomas scores
|
|
Batting: RHB Ricky Avila
|
0-0: Fly out, F8 (Flyball, 8LM, EV 84.4 MPH)
|
|
Batting: RHB Paul Holland
|
0-0: Ball 1-0: Ball Danny Gallegos steals 2nd, throwing error, E2 Danny Gallegos to third 2-0: SINGLE (Line Drive, 4MD, EV 108.1 MPH) Danny Gallegos scores
|
|
Batting: RHB Nhat Phong
|
0-0: Ball 1-0: Swinging Strike 1-1: 2-RUN HOME RUN (Flyball, 78XD, EV 99.4 MPH), Distance : 418 ft
|
|
Batting: RHB Miguel Pacheco
|
0-0: Ball 1-0: Ball 2-0: Foul Ball, location: 2F 2-1: Foul Ball, location: 2F 2-2: Strikes out swinging
|
| Bottom of the 3rd over - 4 runs, 4 hits, 2 errors, 0 left on base; New Jersey 8 - Windy City 4 |
| TOP OF THE 4TH |
|
New Jersey Devils batting - Pitching for Windy City ThunderBolts : LHP Craig Courcha
|
|
Batting: RHB Warren Carmichael
|
0-0: Ball 1-0: Fly out, F9 (Flyball, 9LMF, EV 84.4 MPH)
|
|
Batting: RHB Jacob Olander
|
0-0: Ball 1-0: Foul Ball, location: 2F 1-1: Foul Ball, location: 2F 1-2: Strikes out swinging
|
|
Batting: RHB Kyle Verkamp
|
0-0: Ball 1-0: Ball 2-0: Ball 3-0: Called Strike 3-1: Ground out 4-3 (Groundball, 4, EV 106.2 MPH)
|
| Top of the 4th over - 0 runs, 0 hits, 0 errors, 0 left on base; New Jersey 8 - Windy City 4 |
| BOTTOM OF THE 4TH |
|
Windy City ThunderBolts batting - Pitching for New Jersey Devils : RHP Aaron Marcum
|
|
Batting: RHB Dave Dominguez
|
0-0: Called Strike 0-1: Foul Ball, location: 2F 0-2: Strikes out looking
|
|
Batting: RHB Klaus Brown
|
0-0: Called Strike 0-1: Ball 1-1: Foul Ball, location: 2F 1-2: SINGLE (Flyball, 78S, EV 86.2 MPH)
|
|
Batting: RHB Sim Damit
|
0-0: Swinging Strike 0-1: Swinging Strike 0-2: Ball 1-2: Strikes out swinging
|
|
Batting: RHB Joe Thomas
|
0-0: Ball 1-0: SINGLE (Flyball, 7LS, EV 97.5 MPH) Klaus Brown to second
|
|
Batting: SHB Danny Gallegos
|
0-0: Ball 1-0: Ball 2-0: Swinging Strike 2-1: Ball 3-1: Base on Balls Klaus Brown to third Joe Thomas to second
|
|
Batting: RHB Ricky Avila
|
0-0: SINGLE (Groundball, 34D, EV 95.6 MPH) Klaus Brown scores Joe Thomas to third Danny Gallegos to second Runner from 3rd tries for Home, SAFE, throw by RF to home
|
|
Pitching: RHP Justin Vallis
|
|
|
Batting: RHB Paul Holland
|
0-0: Called Strike 0-1: Ball 1-1: Called Strike 1-2: Strikes out swinging
|
| Bottom of the 4th over - 2 runs, 3 hits, 0 errors, 2 left on base; New Jersey 8 - Windy City 6 |
| TOP OF THE 5TH |
|
New Jersey Devils batting - Pitching for Windy City ThunderBolts : LHP Craig Courcha
|
|
Batting: SHB Ernesto Mazas
|
0-0: Hit by Pitch
|
|
Batting: RHB Oscar Ramirez
|
0-0: Ground out 4-3 (Groundball, 34, EV 108.1 MPH) Ernesto Mazas to second
|
|
Batting: LHB Matt Reynolds
|
0-0: Swinging Strike 0-1: Ground out 6-3 (Groundball, 6, EV 87.5 MPH) Ernesto Mazas to third
|
|
Batting: RHB Brian Jones
|
0-0: Swinging Strike 0-1: Called Strike 0-2: Strikes out swinging
|
| Top of the 5th over - 0 runs, 0 hits, 0 errors, 1 left on base; New Jersey 8 - Windy City 6 |
| BOTTOM OF THE 5TH |
|
Windy City ThunderBolts batting - Pitching for New Jersey Devils : RHP Justin Vallis
|
|
Batting: RHB Nhat Phong
|
0-0: Called Strike 0-1: Foul Ball, location: 2F 0-2: Strikes out swinging
|
|
Batting: RHB Miguel Pacheco
|
0-0: Called Strike 0-1: Ball 1-1: Fly out, F8 (Flyball, 8LS, EV 90.0 MPH)
|
|
Batting: RHB Dave Dominguez
|
0-0: Ball 1-0: Ball 2-0: Called Strike 2-1: Foul Ball, location: 2F 2-2: Fly out, F8 (Line Drive, 8LM, EV 94.4 MPH)
|
| Bottom of the 5th over - 0 runs, 0 hits, 0 errors, 0 left on base; New Jersey 8 - Windy City 6 |
| TOP OF THE 6TH |
|
New Jersey Devils batting - Pitching for Windy City ThunderBolts : LHP Craig Courcha
|
|
Batting: LHB Randolph Brodbeck
|
0-0: Ball 1-0: Fly out, F9 (Line Drive, 89M, EV 86.2 MPH)
|
|
Batting: RHB Eric Zylstra
|
0-0: Ball 1-0: Fly out, F9 (Flyball, 9D, EV 97.5 MPH)
|
|
Batting: RHB Warren Carmichael
|
0-0: SOLO HOME RUN (Flyball, 78XD, EV 105.0 MPH), Distance : 405 ft
|
|
Batting: RHB Jacob Olander
|
0-0: Called Strike 0-1: Ball 1-1: Foul Ball, location: 2F 1-2: SINGLE (Groundball, 6M, EV 101.2 MPH)
|
|
Batting: RHB Kyle Verkamp
|
0-0: Ball 1-0: Ball 2-0: SINGLE (Line Drive, 78M, EV 91.9 MPH) Jacob Olander to second
|
|
Pitching: LHP Tony Jaime
|
|
|
Batting: SHB Ernesto Mazas
|
0-0: Ball 1-0: Ball 2-0: Called Strike 2-1: Ball 3-1: Foul Ball, location: 2F 3-2: Base on Balls Jacob Olander to third Kyle Verkamp to second
|
|
Batting: RHB Oscar Ramirez
|
0-0: Foul Ball, location: 2F 0-1: Ball 1-1: Ball 2-1: Fly out, F7 (Flyball, 7, EV 85.6 MPH)
|
| Top of the 6th over - 1 run, 3 hits, 0 errors, 3 left on base; New Jersey 9 - Windy City 6 |
| BOTTOM OF THE 6TH |
|
Windy City ThunderBolts batting - Pitching for New Jersey Devils : RHP Justin Vallis
|
|
Batting: RHB Klaus Brown
|
0-0: Ball 1-0: Ball 2-0: Called Strike 2-1: Ground out 5-3 (Groundball, 56, EV 109.4 MPH)
|
|
Batting: RHB Sim Damit
|
0-0: Called Strike 0-1: Ball 1-1: Ball 2-1: Foul Ball, location: 2F 2-2: SINGLE (Groundball, 56, EV 93.8 MPH)
|
|
Batting: RHB Joe Thomas
|
0-0: Ball 1-0: Ball 2-0: Ball 3-0: Base on Balls Sim Damit to second
|
|
Batting: SHB Danny Gallegos
|
0-0: Ball 1-0: Grounds into double play, 4-6-3 (Groundball, 4S, EV 80.0 MPH)
|
| Bottom of the 6th over - 0 runs, 1 hit, 0 errors, 1 left on base; New Jersey 9 - Windy City 6 |
| TOP OF THE 7TH |
|
New Jersey Devils batting - Pitching for Windy City ThunderBolts : LHP Tony Jaime
|
|
Batting: LHB Matt Reynolds
|
0-0: Ball 1-0: Ball 2-0: Ball 3-0: Called Strike 3-1: Called Strike 3-2: Foul Ball, location: 2F 3-2: Strikes out looking
|
|
Batting: RHB Brian Jones
|
0-0: Ground out 5-3 (Groundball, 56, EV 90.0 MPH)
|
|
Batting: LHB Randolph Brodbeck
|
0-0: Ball 1-0: Ball 2-0: Called Strike 2-1: Ground out 4-3 (Groundball, 34, EV 84.4 MPH)
|
| Top of the 7th over - 0 runs, 0 hits, 0 errors, 0 left on base; New Jersey 9 - Windy City 6 |
| BOTTOM OF THE 7TH |
|
Windy City ThunderBolts batting - Pitching for New Jersey Devils : RHP Justin Vallis
|
|
Batting: RHB Ricky Avila
|
0-0: Called Strike 0-1: Called Strike 0-2: Foul Ball, location: 2F 0-2: Ball 1-2: Ball 2-2: Foul Ball, location: 2F 2-2: Ball 3-2: Base on Balls
|
|
Batting: RHB Paul Holland
|
0-0: Fly out, F6 (Popup, 4MS, EV 74.4 MPH)
|
|
Pinch Hitting: RHB Donovan Deason
|
0-0: Ball 1-0: Foul Ball, location: 2F 1-1: Ball 2-1: Fly out, F7 (Flyball, 7, EV 84.4 MPH)
|
|
Batting: RHB Miguel Pacheco
|
0-0: Ball 1-0: Foul Ball, location: 2F 1-1: Foul Ball, location: 2F 1-2: Fly out, F9 (Flyball, 9D, EV 95.0 MPH)
|
| Bottom of the 7th over - 0 runs, 0 hits, 0 errors, 1 left on base; New Jersey 9 - Windy City 6 |
| TOP OF THE 8TH |
|
New Jersey Devils batting - Pitching for Windy City ThunderBolts : LHP Tony Jaime
|
|
Now at 3B: Donovan Deason
|
|
|
Batting: RHB Eric Zylstra
|
0-0: Foul Ball, location: 2F 0-1: Ball 1-1: Foul Ball, location: 2F 1-2: Ball 2-2: Fly out, F5 (Popup, 5, EV 72.5 MPH)
|
|
Batting: RHB Warren Carmichael
|
0-0: Called Strike 0-1: Foul Ball, location: 2F 0-2: Ball 1-2: Ball 2-2: Ball 3-2: Ground out 1-3 (Groundball, P, EV 68.1 MPH)
|
|
Pitching: LHP Keith O'Brien
|
|
|
Batting: RHB Jacob Olander
|
0-0: Ground out 4-3 (Groundball, 4M, EV 82.5 MPH)
|
| Top of the 8th over - 0 runs, 0 hits, 0 errors, 0 left on base; New Jersey 9 - Windy City 6 |
| BOTTOM OF THE 8TH |
|
Windy City ThunderBolts batting - Pitching for New Jersey Devils : RHP Justin Vallis
|
|
Batting: RHB Dave Dominguez
|
0-0: Foul Ball, location: 2F 0-1: Called Strike 0-2: Ball 1-2: Foul Ball, location: 2F 1-2: Foul Ball, location: 2F 1-2: Strikes out swinging
|
|
Batting: RHB Klaus Brown
|
0-0: Called Strike 0-1: Ball 1-1: Swinging Strike 1-2: Strikes out swinging
|
|
Batting: RHB Sim Damit
|
0-0: Swinging Strike 0-1: DOUBLE (Line Drive, 89D, EV 106.9 MPH)
|
|
Batting: RHB Joe Thomas
|
0-0: Ball 1-0: Swinging Strike 1-1: Foul Ball, location: 2F 1-2: Strikes out swinging
|
| Bottom of the 8th over - 0 runs, 1 hit, 0 errors, 1 left on base; New Jersey 9 - Windy City 6 |
| TOP OF THE 9TH |
|
New Jersey Devils batting - Pitching for Windy City ThunderBolts : LHP Keith O'Brien
|
|
Batting: RHB Kyle Verkamp
|
0-0: Swinging Strike 0-1: Swinging Strike 0-2: Strikes out swinging, 2-3 out at first.
|
|
Batting: SHB Ernesto Mazas
|
0-0: Ball 1-0: Ball 2-0: Foul Ball, location: 2F 2-1: Fly out, F9 (Line Drive, 89M, EV 105.6 MPH)
|
|
Batting: RHB Oscar Ramirez
|
0-0: Called Strike 0-1: Ground out 6-3 (Groundball, 6, EV 106.2 MPH)
|
| Top of the 9th over - 0 runs, 0 hits, 0 errors, 0 left on base; New Jersey 9 - Windy City 6 |
| BOTTOM OF THE 9TH |
|
Windy City ThunderBolts batting - Pitching for New Jersey Devils : RHP Justin Vallis
|
|
Pitching: RHP Ken Tayo
|
|
|
Batting: SHB Danny Gallegos
|
0-0: Foul Ball, location: 2F 0-1: SOLO HOME RUN (Flyball, 9LD, EV 93.8 MPH), Distance : 333 ft
|
|
Pinch Hitting: RHB Eddie Dimas
|
0-0: Called Strike 0-1: Ball 1-1: Foul Ball, location: 2F 1-2: Ball 2-2: Ground out 4-3 (Groundball, 4, EV 103.8 MPH)
|
|
Batting: RHB Camillo Bonauiti
|
0-0: Ball 1-0: Ground out 4-3 (Groundball, 34, EV 105.0 MPH)
|
|
Batting: RHB Donovan Deason
|
0-0: Called Strike 0-1: Fly out, F8 (Flyball, 8LS, EV 82.5 MPH)
|
| Bottom of the 9th over - 1 run, 1 hit, 0 errors, 0 left on base; New Jersey 9 - Windy City 7 |
|